 Dungeon Crawl Stone Soup version 0.14-a0-1444-g21dc12d (webtiles) character file.

2582 July the Covert (level 9, -1/39 HPs)
             Began as a Spriggan Enchanter on Dec 13, 2013.
             Was an Initiate of Ashenzari.
             Slain by a wight
             ... wielding a +0,+0 mace
              (6 damage)
             ... on Level 8 of the Dungeon on Dec 14, 2013.
             The game lasted 01:00:06 (13685 turns).

July the Covert (Spriggan Enchanter)               Turns: 13685, Time: 01:00:06

HP  -1/39        AC  4     Str  7      XL: 9   Next: 21%
MP  19/30        EV 17     Int 17      God: Ashenzari [......]
Gold 214         SH  0     Dex 16      Spells:  3 memorised, 23 levels left

rFire  . . .     SeeInvis +     o - +0,+1 dagger (venom) (curse)
rCold  . . .     Clarity  .     b - +1 robe
rNeg   . . .     Conserve .     (shield restricted)
rPois  .         rCorr    .     a - +1 wizard hat
rElec  .         rRot     .     (no cloak)
SustAb . .       Spirit   .     (gloves unavailable)
rMut   .         Warding  .     (boots unavailable)
Saprov . . .     Stasis   .     (no amulet)
                                (no ring)
                                (no ring)

@: about to teleport, mildly poisoned, very slightly contaminated, drained, very
quick, quite resistant to hostile enchantments, extremely stealthy
A: unfitting armour, see invisible, herbivore 3, speed 3, slow metabolism 2
a: Renounce Religion


You were on level 8 of the Dungeon.
You worshipped Ashenzari.
Ashenzari was noncommittal.
You were full.

You visited 2 branches of the dungeon, and saw 9 of its levels.
You also visited: Sewer and Ossuary.

You collected 302 gold pieces.
You spent 88 gold pieces at shops.

Inventory:

Hand weapons
 o - a cursed +0,+1 dagger of venom (weapon)
Missiles
 d - 44 darts (quivered)
Armour
 a - a +1 wizard hat (worn)
 b - a +1 robe (worn)
Comestibles
 f - a bread ration
Scrolls
 e - a scroll of holy word {unknown}
 g - 2 scrolls of immolation {unknown}
 h - a scroll of noise {unknown}
 m - a scroll of enchant weapon II {unknown}
 q - a scroll of fear {unknown}
 r - 6 scrolls of recharging {unknown}
 u - 2 scrolls of enchant weapon I {unknown}
 v - 4 scrolls of magic mapping {unknown}
 z - a scroll of enchant armour {unknown}
 C - a scroll of random uselessness {unknown}
 F - a scroll of teleportation
 K - a scroll of fog {unknown}
Jewellery
 y - a cursed ring of fire
 E - an uncursed ring of teleportation
Potions
 i - a potion of brilliance
 j - 4 potions of curing
 p - a potion of speed
 B - a potion of agility
 G - a potion of magic
 H - a potion of might
 L - a potion of flight
Books
 c - a book of Maledictions

   Spells                             Type                      Level
   *Corona                            Hexes                        1
   Sure Blade                         Hexes/Charms                 2
   *Ensorcelled Hibernation           Hexes/Ice                    2
   *Confuse                           Hexes                        3
   Enslavement                        Hexes                        4
   Invisibility                       Hexes                        6
 D - a book of Annihilations {highlevel}

   This book is beyond your current level of understanding.

   Spells                             Type                      Level
   Poison Arrow                       Conjuration/Poison           6
   Chain Lightning                    Conjuration/Air              8
   Lehudib's Crystal Spear            Conjuration/Earth            8
   Ice Storm                          Conjuration/Ice              9
   Fire Storm                         Conjuration/Fire             9


   Skills:
 - Level 1.1(0.6) Short Blades
 - Level 1.1(0.6) Throwing
 - Level 3.0(2.5) Dodging
 - Level 11.6(10.9) Stealth
 * Level 10.5(9.9) Spellcasting
 - Level 7.0(6.4) Hexes


You had 23 spell levels left.
You knew the following spells:

 Your Spells              Type           Power        Failure   Level  Hunger
c - Confuse               Hex            ####....     1%          3    None
m - Corona                Hex            ####...      1%          1    None
s - Ensorcelled Hibernat  Hex/Ice        ###...       3%          2    None


Dungeon Overview and Level Annotations

Branches:
Dungeon (8/16)             Temple (1/1) D:7
   Lair: D:8-11

Altars:
Ashenzari
Cheibriados
Elyvilon
Okawaru
Trog
Xom
Zin

Shops:
D:6 *

Annotations:
D:5 Piginabag's ghost, experienced OpWz


Innate Abilities, Weirdness & Mutations

You are tiny and cannot use many weapons and most armour.
You have supernaturally acute eyesight.
You are a herbivore.
You cover ground extremely quickly.
You need consume almost no food.


Message History

The wight closely misses you. The hound skeleton barely misses you.
Casting: Ensorcelled Hibernation
Confirm with . or Enter, or press ? or * to list all spells.
Aiming: Ensorcelled Hibernation
Press: ? - help, Shift-Dir - straight line, f/p - killer bee
Aim: a killer bee The killer bee looks drowsy...
The bat closely misses you. The killer bee stings you!
The wight closely misses you. The killer bee misses you.
The hound skeleton closely misses you.
The helpless killer bee fails to defend itself.
You carve the killer bee like a ham!!!
You kill the killer bee!
The bat misses you. The killer bee stings you.
The wight hits you with an uncursed orcish flail!
* * * LOW HITPOINT WARNING * * *
You feel drained.
* * * LOW HITPOINT WARNING * * *
The hound skeleton closely misses you. The wight closely misses you.
The wight hits you with a mace.
You die...

######### ##.......##
#.........##
...........##
........bz...##
.......z@%z.[.##
.......zzk.....##
...............##
................##
.................##
.............%...## #
.#..........%....##
##
##.....#.........###.
#...###.........##.


You could see a killer bee, 4 wights, a bat and a hound skeleton.

Vanquished Creatures
  A phantom (D:4)
  2 orc warriors
  A crocodile (D:7)
  4 ogres
  2 centaurs (D:7)
  2 elf zombies (Ossuary)
  2 giant frogs (D:6)
  5 killer bees
  A quasit (D:8)
  4 big fish (Sewer)
  2 hounds
  3 goliath beetles (D:7)
  A giant frog zombie (D:7)
  4 scorpions
  3 orc priests
  3 orc wizards
  2 worker ants (D:4)
  An iguana (D:3)
  4 mummies
  9 adders
  2 green rats (D:6)
  A giant centipede (D:7)
  3 giant mites
  4 worms
  An adder zombie (Ossuary)
  23 orcs
  8 bats
  15 giant cockroaches
  A gnoll zombie (Ossuary)
  A grey rat (D:6)
  14 hobgoblins
  12 jackals
  5 quokkas
  3 ball pythons
  4 giant geckos
  5 giant newts
  9 goblins
  3 goblin zombies (Ossuary)
  21 kobolds
  2 kobold zombies (Ossuary)
  An orc zombie (D:5)
  4 quokka zombies (Ossuary)
  12 rats
  6 rat zombies
  4 plants (Sewer)
220 creatures vanquished.

Vanquished Creatures (others)
  A goblin (D:5)
1 creature vanquished.

Grand Total: 221 creatures vanquished

Notes
Turn   | Place    | Note
--------------------------------------------------------------
     0 | D:1      | July, the Spriggan Enchanter, began the quest for the Orb.
     0 | D:1      | Reached XP level 1. HP: 9/9 MP: 4/4
   160 | D:1      | Reached skill level 4 in Stealth
   254 | D:1      | Reached XP level 2. HP: 5/13 MP: 7/7
  1091 | D:1      | Reached skill level 5 in Stealth
  1610 | D:2      | Reached XP level 3. HP: 16/16 MP: 9/9
  1668 | D:2      | Reached skill level 6 in Stealth
  2334 | D:2      | Reached XP level 4. HP: 21/21 MP: 12/12
  2529 | D:2      | Reached skill level 7 in Stealth
  2536 | D:2      | Learned a level 2 spell: Ensorcelled Hibernation
  2540 | D:2      | Learned a level 3 spell: Confuse
  4223 | D:3      | Reached XP level 5. HP: 19/24 MP: 18/18
  5621 | D:4      | Reached skill level 5 in Spellcasting
  6060 | D:4      | Found a bloodstained altar of Trog.
  6397 | D:4      | Noticed a phantom
  7000 | D:4      | Noticed an ogre
  7028 | D:4      | Killed an ogre
  7028 | D:4      | Reached XP level 6. HP: 28/28 MP: 20/22
  7321 | D:4      | Killed a phantom
  7568 | D:5      | Entered Level 5 of the Dungeon
  7726 | D:5      | Reached XP level 7. HP: 17/32 MP: 11/25
  7809 | D:5      | Noticed Piginabag's ghost (experienced OpWz)
  8209 | D:6      | Reached skill level 5 in Hexes
  8805 | D:6      | Found Frelarph's General Store.
  8809 | D:6      | Bought a potion of heal wounds for 33 gold pieces
  8809 | D:6      | Bought a scroll of identify for 22 gold pieces
  8809 | D:6      | Bought a scroll of teleportation for 33 gold pieces
  8991 | D:6      | Reached skill level 8 in Stealth
  9104 | D:6      | Reached skill level 9 in Stealth
  9357 | D:6      | Found a glowing drain.
  9362 | Sewer    | Entered a sewer
  9394 | Sewer    | Reached XP level 8. HP: 36/36 MP: 16/26
 10122 | Sewer    | Reached skill level 10 in Stealth
 11168 | D:7      | Reached skill level 11 in Stealth
 11334 | D:7      | Found a sand-covered staircase.
 11516 | Ossuary  | Entered an ossuary
 12450 | D:7      | Found a staircase to the Ecumenical Temple.
 12463 | Temple   | Entered the Ecumenical Temple
 12484 | Temple   | Became a worshipper of Ashenzari the Shackled
 12968 | D:7      | Reached skill level 10 in Spellcasting
 12968 | D:7      | Reached XP level 9. HP: 28/39 MP: 24/30
 13210 | D:8      | Paralysed by a giant eyeball for 3 turns
 13218 | D:8      | Paralysed by a giant eyeball for 2 turns
 13685 | D:8      | Slain by a wight

Action                   |  1- 3 |  4- 6 |  7- 9 || total
-------------------------+-------+-------+-------++-------
Melee: Dagger            |   228 |   334 |   934 ||  1496
 Fire: Blowgun           |       |    19 |     6 ||    25
Throw: Dart              |       |    66 |     1 ||    67
 Cast: Ensorcelled Hiber |       |     8 |    85 ||    93
       Confuse           |       |       |     8 ||     8
  Use: Scroll            |       |       |     9 ||     9
       Potion            |       |       |     3 ||     3
 Stab: Sleeping          |     6 |    22 |    88 ||   116
       Distracted        |       |     1 |     1 ||     2
       Confused          |       |       |     3 ||     3
